 Dungeon Crawl Stone Soup version 0.32-a0-411-g744942f433 (webtiles) character file.

Game seed: 4378992491549324632

81 CougarLife the Digger (level 4, -8/24 HPs)
             Began as a Gargoyle Earth Elementalist on Feb 21, 2024.
             Mangled by Sigmund
             ... wielding a +2 heavy scythe
              (21 damage)
             ... on level 2 of the Dungeon.
             The game lasted 00:01:00 (1224 turns).

CougarLife the Digger (Gargoyle Earth Elementalist) Turns: 1224, Time: 00:01:00

Health: -8/24      AC:  5    Str: 12    XL:     4   Next: 40%
Magic:  3/8        EV: 11    Int: 17    God:
Gold:   78         SH:  0    Dex: 10    Spells: 7/8 levels left

rFire   . . .        (no weapon)
rCold   . . .        (no shield)
rNeg    + . .        a - +0 robe
rPois   ∞            (no helmet)
rElec   +            (no cloak)
rCorr   .            (no gloves)
SInv    .            (no boots)
Will    .....        (no amulet)
Stlth   ++           (no ring)
HPRegen 0.24/turn    (no ring)
MPRegen 0.11/turn

%: no passive effects
@: no status effects
A: sickness immunity, AC +3, negative energy resistance 1, electricity
resistance, torment resistance 1, petrification resistance
a: no special abilities


You were on level 2 of the Dungeon.
You visited 1 branch of the dungeon, and saw 2 of its levels.

You collected 78 gold pieces.

Inventory:

Armour
 a - a +0 robe (worn)
Jewellery
 f - an amulet of reflection
Scrolls
 c - a scroll of amnesia {unknown}
 d - a scroll of blinking {unknown}
 e - a scroll of torment {unknown}
Potions
 b - a potion of magic


   Skills:
 - Level 1.5 Dodging
 - Level 2.1 Stealth
 + Level 2.9 Spellcasting
 + Level 2.6 Conjurations
 + Level 4.5 Earth Magic


You had 7 spell levels left.
You knew the following spells:

 Your Spells              Type           Power      Damage    Failure   Level
a - Sandblast             Erth           36%        2d10      2%          1

Your spell library contained the following spells:

 Spells                   Type           Power      Damage    Failure   Level
 Passwall                 Erth           18%        N/A       9%          3
 Stone Arrow              Conj/Erth      28%        3d8       12%         3
 Brom's Barrelling Bould  Conj/Erth      14%        2d4       36%         4
 Petrify                  Alch/Erth      10%        N/A       56%         4


Dungeon Overview and Level Annotations

Branches:
Dungeon (2/15)

Altars:

Annotations:
D:2 Sigmund


Innate Abilities, Weirdness & Mutations

You are immune to sickness and miasma.
Your stone body is resilient. (AC +3)
You are immune to poison.
You resist negative energy. (rN+)
You are resistant to electric shocks. (rElec)
You are resistant to unholy torment.
You are immune to petrification.


Message History

You are too injured to fight recklessly!
There are monsters nearby!
You are too injured to fight recklessly!
Unknown command.
Casting: Sandblast (safe; 2% risk of failure)
Confirm with . or Enter, or press ? or * to list all spells.
Aiming: Sandblast (safe; 2% risk of failure)
Press: ? - help, Shift-Dir - straight line, f/p - adder
Aim: an adder (70% to hit)
The blast of sand hits the adder.
The adder is heavily wounded.
The adder barely misses you. The adder bites you but does no damage.
Casting: Sandblast (safe; 2% risk of failure)
Confirm with . or Enter, or press ? or * to list all spells.
Aiming: Sandblast (safe; 2% risk of failure)
Press: ? - help, Shift-Dir - straight line, f/p - adder
Aim: an adder (heavily wounded, 70% to hit)
The blast of sand hits the adder!
You kill the adder!
Sigmund gestures at you while chanting. The magic dart hits you.
Sigmund casts a spell.
Sigmund flickers and vanishes!
Deactivating autopickup; reactivate with Ctrl-A.
Casting: Sandblast (safe; 2% risk of failure)
Confirm with . or Enter, or press ? or * to list all spells.
You can't see any susceptible monsters within range! (Use Z to cast anyway.) Unknown command.
Casting: Sandblast (safe; 2% risk of failure)
Confirm with . or Enter, or press ? or * to list all spells.
Aiming: Sandblast (safe; 2% risk of failure)
Press: ? - help, Shift-Dir - straight line The blast of sand hits something.
Something hits you but does no damage.
Casting: Sandblast (safe; 2% risk of failure)
Confirm with . or Enter, or press ? or * to list all spells.
Aiming: Sandblast (safe; 2% risk of failure)
Press: ? - help, Shift-Dir - straight line The blast of sand hits something.
Something hits you!!
Ouch! That really hurt!
You die...

#.##.##############.#
#.#
#####.##.#.......#
#.# #.#
......##..)......#
#.# #.#
....######.##########
#.# #.#
.....................
#.###.#
....######....#######
#.....# #####
###..†.#...#.#######
#..#.#.....#
#....@†...>#
#....#.###.#
#.#..#{.. #.#..#.#.#
#.#..#.#.# #.####.# #
.# .#


There were no monsters in sight!

Vanquished Creatures
  2 adders (D:2)
  A ribbon worm (D:2)
  A dart slug (D:2)
  2 ball pythons
  3 endoplasms
  2 giant cockroaches
  6 goblins
  3 hobgoblins (D:1)
  2 jackals (D:1)
  A kobold (D:1)
  2 quokkas
  3 bats (D:1)
  A frilled lizard (D:1)
  2 rats
31 creatures vanquished.

Notes
Turn   | Place    | Note
-------+----------+-------------------------------------------
     0 | D:1      | CougarLife the Gargoyle Earth Elementalist began the quest
                  | for the Orb.
     0 | D:1      | Reached XP level 1. HP: 10/10 MP: 3/3
    87 | D:1      | Reached XP level 2. HP: 15/15 MP: 3/5
   192 | D:1      | Reached skill level 4 in Earth Magic
   311 | D:1      | Reached XP level 3. HP: 19/19 MP: 4/6
   980 | D:2      | Reached XP level 4. HP: 24/24 MP: 6/8
  1219 | D:2      | Noticed Sigmund
  1224 | D:2      | Mangled by Sigmund

Illustrated notes

Levels and vault maps discovered:
D:1:      lightli_iron_boxes, layout_basic
D:2:      layout_basic, uniq_natasha, uniq_robin, uniq_sigmund

Skill      XL: |  1  2 |
---------------+-------+-----
Earth Magic    | 4 |  4.5
Conjurations   | 2 |  2.6
Dodging        | |  1.5
Stealth        | |  2.1
Spellcasting   | |  2.9

Action                     |  1- 3 |  4- 6 || total
---------------------------+-------+-------++-------
  Melee: Unarmed           |     5 |     2 ||     7
   Cast: Sandblast         |    29 |    11 ||    40
 Armour: Robe              |     8 |     8 ||    16
  Dodge: Dodged            |     7 |     1 ||     8

Table legend: (Time is in decaauts)
 A = Elapsed time spent in this place.
 B = Non-inter-level travel time spent in this place.
 C = Inter-level travel time spent in this place.
 D = Time resting spent in this place.
 E = Time spent auto-exploring this place.
 F = Levels seen in this place.
 G = Mean time per level.
                   A        B        C        D        E       F      G
               +--------+--------+--------+--------+--------+-----+--------+
         Total |   1243 |   1207 |     36 |      0 |   1053 |   2 |  621.5 |
       Dungeon |   1243 |   1207 |     36 |      0 |   1053 |   2 |  621.5 |
               +--------+--------+--------+--------+--------+-----+--------+

Top non-repeatable levels by time:
     D:1: 805 daAuts
     D:2: 437 daAuts
